 Dungeon Crawl Stone Soup version 0.31-a0-875-g02e7d12df6 (webtiles) character file.

Game seed: 17708432453825993661

5250 Danienth the Gouger (level 10, -2/44 HPs)
             Began as a Felid Enchanter on Oct 12, 2023.
             Was a Follower of Lugonu.
             Killed from afar by Maurice (11 damage)
             ... with a puff of flame
             ... on level 8 of the Dungeon.
             The game lasted 00:39:53 (10099 turns).

Danienth the Gouger (Felid Enchanter)              Turns: 10099, Time: 00:39:56

Health: -2/44      AC:  2    Str: 10    XL:     10   Next: 36%
Magic:  8/18       EV: 19    Int: 16    God:    Lugonu [*.....]
Gold:   0          SH:  0    Dex: 20    Spells: 6/19 levels left
                                        Lives:  0   Deaths: 3

rFire   . .          .
                       - Unarmed
rCold   . . .        (shield unavailable)
rNeg    . . .        (body armour unavailable)
rPois   .            (helmet unavailable)
rElec   .            (cloak unavailable)
rCorr   .            (gloves unavailable)
SInv    +            (boots unavailable)
Will    ++...        y - amulet of Vydo {RegenMP Will+ Dex+2}
Stlth   +++          (no ring)
HPRegen 0.27/turn    (no ring)
MPRegen 0.56/turn

%: random rage (3%)
@: quick
A: very small, claws 1, fangs 3, see invisible, speed 1, shaggy fur 2, stealthy
paws, no weapons or thrown items, no armour, multi-lived, berserk 1, strong 1,
subdued magic 1, MP-powered wands
a: Renounce Religion, Depart the Abyss


You were on level 8 of the Dungeon.
You worshipped Lugonu.
Lugonu was aware of your devotion.
You visited 2 branches of the dungeon, and saw 9 of its levels.
You visited the Abyss 1 time.

Inventory:

Jewellery
 y - the amulet of Vydo (around neck) {RegenMP Will+ Dex+2}
   (You acquired it on level 7 of the Dungeon)

   [amulet of magic regeneration]

   RegenMP:   It increases your rate of magic regeneration.
   Dex+2:     It affects your dexterity (+2).
   Will+:     It increases your willpower.
Wands
 p - a wand of roots (3)
 s - a wand of flame (12) (quivered)
 w - a wand of polymorph (15)
Scrolls
 a - a scroll of enchant weapon
 b - 4 scrolls of fear
 c - 5 scrolls of identify
 d - 2 scrolls of amnesia
 k - a scroll of torment
 m - 3 scrolls of immolation
 o - a scroll of poison
 q - 3 scrolls of teleportation
 r - a scroll of fog
 t - 4 scrolls of enchant armour
 x - a scroll of vulnerability
 z - a scroll of revelation
Potions
 f - 2 potions of attraction
 g - 2 potions of enlightenment
 i - 2 potions of resistance
 j - a potion of mutation
 B - a potion of cancellation


   Skills:
 - Level 5.0(2.5) Fighting
 + Level 7.2(3.6) Dodging
 - Level 8.0(4.0) Stealth
 - Level 10.2(6.2) Unarmed Combat
 * Level 5.1(2.5) Spellcasting
 - Level 8.1(4.1) Hexes
 + Level 1.1(0.5) Summonings
 + Level 1.1(0.5) Necromancy
 + Level 1.0(0.5) Fire Magic
 + Level 1.0(0.5) Ice Magic


You had 6 spell levels left.
You knew the following spells:

 Your Spells              Type           Power      Damage    Failure   Level
a - Ensorcelled Hibernat  Hex/Ice        14%        N/A       10%         2
b - Summon Small Mammal   Summ           12%        N/A       13%         1
c - Confusing Touch       Hex            11%        N/A       9%          3
d - Tukima's Dance        Hex            11%        N/A       9%          3
e - Inner Flame           Hex/Fire       7%         N/A       19%         3
f - Necrotise             Necr           8%         1d4       13%         1

Your spell library contained the following spells:

 Spells                   Type           Power      Damage    Failure   Level
 Kiss of Death            Conj/Necr      8%         2d6       16%         1
 Apportation              Tloc           2%         N/A       17%         1
 Dazzling Flash           Conj/Hex       12%        N/A       22%         3
 Dispel Undead            Necr           2%         3d7       80%         4
 Flame Wave               Conj/Fire      2%         2d4       85%         4
 Sticky Flame             Conj/Fire      2%         2d3       85%         4


Dungeon Overview and Level Annotations

Branches:
Dungeon (8/15)             Temple (1/1) D:5
   Lair: D:8-11

Altars:
Ashenzari
Dithmenos
Elyvilon
Fedhas
Gozag
Kikubaaqudgha
Makhleb
Nemelex Xobeh
Okawaru
Qazlal
Ru
Sif Muna
Trog
Uskayaw
Vehumet
Wu Jian
Xom
Zin
The Shining One

Shops:
D:5 *

Portals:
Abyss: D:8

Annotations:
D:8 Maurice


Innate Abilities, Weirdness & Mutations

You have sharp claws.
You have razor-sharp teeth.
You have supernaturally acute eyesight. (SInv)
You cover ground quickly. (Speed+)
You are covered in thick fur. (AC +2)
Your paws help you pounce on unaware monsters.
You are incapable of wielding weapons or throwing items.
You cannot wear armour.
You gain extra lives every three experience levels.
You sometimes lose your temper in combat.
Your muscles are strong. (Str +4, Int/Dex -1)
Your spells are a little easier to cast, but a little less powerful.
You expend magic power (3 MP) to strengthen your wands.


Message History

Aim: an orc wizard, wielding a +0 dagger and wearing a +0 robe (severely wounded, about 36% to evade your paws)
You closely miss the orc wizard.
The orc wizard is severely wounded.
Attack: -) Teeth and claws
Press: ? - help, Dir - move target, f/p - orc wizard
Aim: an orc wizard, wielding a +0 dagger and wearing a +0 robe (severely wounded, about 36% to evade your paws)
You claw the orc wizard!
You kill the orc wizard!
Lugonu accepts your kill.
Your base Ice Magic skill increases to level 1!
You start resting.
Your magical contamination has completely faded away.
You start resting.
Magic restored.
You start resting.
Maurice is nearby!
Maurice is nearby!
Okay, then.
Aiming: Throw Flame
Press: ? - help, Q - select action, (/) - cycle Shift-Dir - straight line, f - Maurice
Aim: Maurice, wielding a +1 dagger of holy wrath, wearing a +1 cloak of poison resistance and carrying a wand of flame (lightly wounded, wandering, hasn't noticed you, 60% to hit)
You feel a surge of power!
The puff of flame hits Maurice!
Maurice is lightly wounded.
Maurice shouts!
Aiming: Throw Flame
Press: ? - help, Q - select action, (/) - cycle Shift-Dir - straight line, f/p - Maurice
Aim: Maurice, wielding a +1 dagger of holy wrath, wearing a +1 cloak of poison resistance and carrying a wand of flame (lightly wounded, 60% to hit)
You feel a surge of power!
The puff of flame hits Maurice.
Maurice is lightly wounded.
Aiming: Throw Flame
Press: ? - help, Q - select action, (/) - cycle Shift-Dir - straight line, f/p - Maurice
Aim: Maurice, wielding a +1 dagger of holy wrath, wearing a +1 cloak of poison resistance and carrying a wand of flame (lightly wounded, 60% to hit)
You feel a surge of power!
The puff of flame hits Maurice.
Maurice is moderately wounded.
Aiming: Throw Flame
Press: ? - help, Q - select action, (/) - cycle Shift-Dir - straight line, f/p - Maurice
Aim: Maurice, wielding a +1 dagger of holy wrath, wearing a +1 cloak of poison resistance and carrying a wand of flame (moderately wounded, 60% to hit)
You feel a surge of power!
The puff of flame misses Maurice.
Maurice zaps a wand.
The puff of flame hits you!
You die...

#..###.# #.......... #......#
#.###...... ##+## #.###..# #.#
#.....# ##...## #.# #..#
#.###..#.## ##.....## #.###..#
#......### ##.......## #......#
#####.#.##
#.........####)....########....##
'....[....'..[.).................
#........)####..@.########.....##
##[..g...## ##.#)# ##.....##
##.....## ###.# #.......# ##...##
#.# #.......# ##+## #@# #.......#
#####.## #.# ##.....## .......#
#.# ##...#### #####..# #.#
##.....) .......##########.#
#######


You could see Maurice.

Vanquished Creatures
  A two-headed ogre (D:6)
  Amaemon (D:8)
  An orange demon (D:8)
  Psyche (D:8)
  A wyvern (D:8)
  3 yaks (D:8)
  Eustachio (D:5)
  A steam dragon (D:8)
  2 water moccasins (D:6)
  A sky beast (D:8)
  2 ice beasts
  3 ogres
  An orc warrior (D:7)
  4 black bears
  2 phantoms
  2 bullfrogs
  Blork the orc (D:4)
  A gnoll sergeant (D:8)
  A water moccasin zombie (D:5)
  A water moccasin skeleton (D:5)
  A howler monkey (D:6)
  A bullfrog zombie (D:5)
  5 orc priests
  3 hounds
  2 jellies
  Crazy Yiuf (D:5)
  A sleepcap (D:4)
  2 bullfrog skeletons (D:5)
  Ijyb (D:3)
  5 iguanas
  8 orc wizards
  A killer bee zombie (D:5)
  Robin (D:3)
  A howler monkey zombie (D:5)
  2 gnolls (D:8)
  10 adders
  A shadow imp (D:7)
  A white imp (D:5)
  An ufetubus (D:5)
  An adder skeleton (D:5)
  4 worms
  4 dart slugs
  17 orcs
  5 endoplasms
  2 giant cockroaches
  7 goblins
  7 hobgoblins
  6 jackals
  7 quokkas
  9 ball pythons
  3 bats
  A frilled lizard (D:1)
  9 kobolds
  6 rats
167 creatures vanquished.

Vanquished Creatures (collateral kills)
  A gnoll (D:8)
  An orc (D:4)
2 creatures vanquished.

Vanquished Creatures (others)
  A kobold brigand (D:8)
1 creature vanquished.

Grand Total: 170 creatures vanquished

Notes
Turn   | Place    | Note
-------+----------+-------------------------------------------
     0 | D:1      | Danienth the Felid Enchanter began the quest for the Orb.
     0 | D:1      | Reached XP level 1. HP: 7/7 MP: 4/4
   214 | D:1      | Slain by a kobold
   265 | D:1      | Reached XP level 2. HP: 12/12 MP: 6/6
   394 | D:1      | Found a faded altar of an unknown god.
   411 | D:1      | Reached skill level 2 in Unarmed Combat
   415 | D:1      | Got a murmuring book
   416 | D:1      | Prayed at the altar of an unknown god.
   416 | D:1      | Became a worshipper of Ashenzari the Shackled
   442 | D:1      | Learned a level 2 spell: Ensorcelled Hibernation
   444 | D:1      | Learned a level 1 spell: Summon Small Mammal
   511 | D:1      | Reached skill level 1 in Fighting
   751 | D:1      | Reached XP level 3. HP: 15/15 MP: 7/7
   756 | D:1      | Reached * piety under Ashenzari
   756 | D:1      | Reached ** piety under Ashenzari
  1526 | D:2      | Reached skill level 3 in Unarmed Combat
  1943 | D:2      | Reached XP level 4. HP: 19/19 MP: 3/8
  2112 | D:2      | Learned a level 3 spell: Confusing Touch
  2555 | D:3      | Reached skill level 4 in Unarmed Combat
  2555 | D:3      | Reached XP level 5. HP: 7/23 MP: 0/9
  2736 | D:3      | Gained mutation: You sometimes lose your temper in combat.
                  | [potion of mutation]
  2736 | D:3      | Gained mutation: Your spells are a little easier to cast,
                  | but a little less powerful. [potion of mutation]
  2736 | D:3      | Gained mutation: You expend magic power (3 MP) to
                  | strengthen your wands. [potion of mutation]
  2736 | D:3      | Gained mutation: Your muscles are strong. (Str +4, Int/Dex
                  | -1) [potion of mutation]
  2975 | D:3      | Noticed Robin
  2976 | D:3      | Noticed Ijyb
  3005 | D:3      | Killed Ijyb
  3047 | D:3      | Killed Robin
  3386 | D:4      | Noticed an ogre
  3391 | D:4      | Killed an ogre
  3392 | D:4      | Reached skill level 5 in Unarmed Combat
  3392 | D:4      | Gained mutation: You are covered in thick fur. (AC +2)
                  | [Felid growth]
  3392 | D:4      | Reached XP level 6. HP: 28/28 MP: 5/10
  3463 | D:4      | Noticed Blork the orc
  3514 | D:4      | Killed Blork the orc
  3746 | D:4      | Reached skill level 6 in Unarmed Combat
  3756 | D:4      | Reached XP level 7. HP: 32/32 MP: 5/11
  4039 | D:5      | Entered Level 5 of the Dungeon
  4074 | D:5      | Reached skill level 7 in Unarmed Combat
  4223 | D:5      | Reached skill level 5 in Fighting
  4264 | D:5      | Found a staircase to the Ecumenical Temple.
  4353 | D:5      | Identified the staff of the Holding Shrike {rC+ Int+4 Conj}
  4358 | D:5      | Reached XP level 8. HP: 33/37 MP: 12/12
  4410 | D:5      | Found an ancient bone altar of Kikubaaqudgha.
  5007 | D:5      | Reached skill level 5 in Hexes
  5166 | D:5      | Found a runed translucent door.
  5167 | D:5      | Noticed Crazy Yiuf
  5222 | D:5      | Noticed Eustachio
  5245 | D:5      | Killed Eustachio
  5246 | D:5      | Reached skill level 5 in Stealth
  5246 | D:5      | Reached skill level 8 in Unarmed Combat
  5442 | D:5      | Found Eiofoeno's Eclectic Emporium.
  5531 | D:5      | Identified the +12 spear of Vanity {flame, rPois rF+}
  5576 | D:5      | Found a hide-covered altar of Uskayaw.
  5745 | D:5      | Killed Crazy Yiuf
  5988 | Temple   | Entered the Ecumenical Temple
  6029 | D:6      | Found a white marble altar of Elyvilon.
  6346 | D:6      | Noticed a two-headed ogre
  6598 | D:6      | Reached XP level 9. HP: 40/40 MP: 14/14
  6620 | D:6      | Killed a two-headed ogre
  6621 | D:6      | Reached skill level 5 in Dodging
  6621 | D:6      | Reached skill level 9 in Unarmed Combat
  7029 | D:6      | Found a shimmering blue altar of Sif Muna.
  7217 | D:7      | Identified a scroll of acquirement
  7226 | D:7      | Acquired the amulet of Vydo {RegenMP Will+ Dex+2}
  7516 | D:7      | Found a burning altar of Makhleb.
  8635 | D:8      | Noticed Amaemon
  8642 | D:8      | Noticed an orange demon
  8644 | D:8      | Killed Amaemon
  8645 | D:8      | Reached skill level 10 in Unarmed Combat
  8645 | D:8      | Reached XP level 10. HP: 7/44 MP: 14/17
  8771 | D:8      | Killed an orange demon
  8819 | D:8      | Learned a level 3 spell: Tukima's Dance
  8823 | D:8      | Learned a level 3 spell: Inner Flame
  8825 | D:8      | Learned a level 1 spell: Necrotise
  9239 | D:8      | Found a one-way gate to the infinite horrors of the Abyss.
  9239 | D:8      | Identified the +10 dagger of Jogriats {distort, +Blink}
  9239 | D:8      | Identified the +1 robe "Ihutenlix" {Rampage}
  9566 | D:8      | Found an iron altar of Okawaru.
  9583 | D:8      | Noticed Psyche
  9604 | D:8      | Noticed Maurice
  9608 | Abyss:2  | Cast into level 2 of the Abyss (Psyche)
  9765 | Abyss:2  | Noticed a sixfirhy
  9777 | Abyss:2  | Noticed a smoke demon
  9786 | Abyss:2  | Noticed a death drake
  9789 | Abyss:2  | Engulfed by a death drake's foul pestilence
  9790 | Abyss:2  | Noticed a green death
  9799 | Abyss:2  | Killed from afar by a green death
  9887 | Abyss:2  | Noticed a wretched star
  9900 | Abyss:3  | Found a corrupted altar of Lugonu.
  9906 | Abyss:3  | Fell from the grace of Ashenzari
  9906 | Abyss:3  | Became a worshipper of Lugonu the Unformed
  9906 | Abyss:3  | Reached * piety under Lugonu
  9906 | Abyss:3  | Reached ** piety under Lugonu
  9912 | D:8      | Escaped the Abyss
  9918 | D:8      | Killed Psyche
  9919 | D:8      | Reached skill level 5 in Spellcasting
  9919 | D:8      | Reached skill level 1 in Summonings
  9919 | D:8      | Reached skill level 1 in Necromancy
  9919 | D:8      | Reached skill level 1 in Fire Magic
 10007 | D:8      | Maurice stole 198 gold
 10010 | D:8      | Maurice stole 195 gold
 10087 | D:8      | Reached skill level 1 in Ice Magic
 10099 | D:8      | Killed from afar by Maurice

Illustrated notes

Levels and vault maps discovered:
D:1:      dpeg_arrival_solitude, layout_loops_ring,
          shapermc_ecumenical_altar_rom_forum, corexii_leaking_fountain
D:2:      layout_rooms, minmay_puff
D:3:      layout_loops_cross, nicolae_goblin_pals
D:4:      layout_cave_pools, uniq_blork_the_orc, uniq_ijyb
D:5:      layout_rooms, mainiacjoe_overflow_swirl,
          minmay_temple_entry_proselytizer, serial_undead, serial_undead_c,
          serial_undead_e, serial_undead_b, serial_undead_a, serial_undead_a,
          kennysheep_pointless_box, supply_closet_lemuel, wad_floor_pattern_1,
          nicolae_alphabet_shops, uniq_eustachio, uniq_crazy_yiuf_cottage
D:6:      layout_basic, led_sif_pool, elyvilon_altar_4, grunt_decor_arrowhead
D:7:      layout_basic, makhleb_blood_cavern_becter,
          nicolae_concentric_dashed_squares_wild
D:8:      due_chaos_kobolds, layout_loops_corners,
          mainiacjoe_overflow_concentric_impassable, kennysheep_flooded_box,
          uniq_psyche, uniq_amaemon, uniq_maurice
Temple:   cyrus_circular_temple

Skill      XL: |  1  2  3  4  5  6  7  8  9 10 |
---------------+-------------------------------+-----
Unarmed Combat | 2 3 4 5 6 7 8 10 | 10.2
Fighting       | 1 2 3 4 5 |  5.0
Dodging        | 3 4 6 7 |  7.2
Hexes          | 6 7 8 |  8.1
Stealth        | 5 7 8 |  8.0
Spellcasting   | 3 4 5 |  5.1
Summonings     | 1 |  1.1
Necromancy     | 1 |  1.1
Fire Magic     | 1 |  1.0
Ice Magic      | 1 |  1.0

Action                     |  1- 3 |  4- 6 |  7- 9 | 10-12 || total
---------------------------+-------+-------+-------+-------++-------
  Melee: Unarmed           |   101 |   149 |   204 |    43 ||   497
         Bite              |    11 |    10 |    26 |     4 ||    51
         Punch             |     1 |     4 |     9 |     1 ||    15
   Cast: Ensorcelled Hiber |    17 |    30 |    14 |    16 ||    77
         Summon Small Mamm |       |     4 |     5 |     1 ||    10
         Confusing Touch   |       |     2 |     2 |       ||     4
 Invoke: Curse Item        |     1 |       |       |       ||     1
         Depart the Abyss  |       |       |       |     1 ||     1
  Evoke: Wand              |       |     2 |     1 |    12 ||    15
    Use: Potion            |     2 |     5 |       |     8 ||    15
         Scroll            |       |     1 |     1 |     3 ||     5
   Stab: Sleeping          |    16 |    17 |    24 |     6 ||    63
         Distracted        |       |     1 |     1 |       ||     2
         Confused          |       |     1 |       |       ||     1
         Invisible         |       |     1 |       |       ||     1
 Armour: Skin              |    30 |    46 |    65 |    29 ||   170
  Dodge: Dodged            |    92 |   100 |   142 |    47 ||   381

Table legend: (Time is in decaauts)
 A = Elapsed time spent in this place.
 B = Non-inter-level travel time spent in this place.
 C = Inter-level travel time spent in this place.
 D = Time resting spent in this place.
 E = Time spent auto-exploring this place.
 F = Levels seen in this place.
 G = Mean time per level.
                   A        B        C        D        E       F      G
               +--------+--------+--------+--------+--------+-----+--------+
         Total |   8963 |   8640 |    323 |   2975 |   4189 |  11 |  814.8 |
       Dungeon |   8684 |   8361 |    323 |   2832 |   4142 |   8 | 1085.5 |
        Temple |      1 |      1 |      0 |      0 |      0 |   1 |    1.0 |
         Abyss |    277 |    277 |      0 |    143 |     47 |   2 |  138.5 |
               +--------+--------+--------+--------+--------+-----+--------+

Top non-repeatable levels by time:
     D:5: 2022 daAuts
     D:2: 1433 daAuts
     D:8: 1280 daAuts
     D:7: 1016 daAuts
     D:1: 833 daAuts
     D:3: 815 daAuts
     D:6: 803 daAuts
     D:4: 478 daAuts
 Abyss:2: 265 daAuts
 Abyss:3: 11 daAuts
  Temple: 1 daAuts
